Map: New Repugnancy LE

Players

Belette - Winner!

  • Race: Protoss Protoss
  • League: Silver
  • Spawn Location: 1:00

Sketchaphone

  • Race: Zerg Zerg
  • League: Platinum
  • Spawn Location: 7:00

VOD

Have the link to the VOD?

Description

Time

  • Played on: Feb. 2, 2019, 9:29 a.m.
  • Length: 15:27
Show
View Real Time Build Order
Export as new Build Order

Belette Protoss - Winner!

Build Orders: 1 Gate Expand, Double Forge 

Get SALT Encoding   

  12  0:00  Probe  
  13  0:13  Probe  
  14  0:21  Pylon  
  14  0:25  Probe  
  15  0:35  Probe  
  16  0:43  Probe  
  16  0:48  Gateway  
  17  0:52  Probe  
  18  1:00  Probe  
  19  1:25  Nexus  
  19  1:32  Probe  
  20  1:36  Pylon  
  20  1:44  Probe  
  20  1:46  Assimilator  
  21  1:56  Probe  
  21  2:00  Cybernetics Core  
  22  2:11  Zealot  
  22  2:14  Probe  
  25  2:19  Assimilator  
  25  2:26  Gateway  
  25  2:27  Gateway  
  25  2:36  Probe  
  26  2:38  Probe  
  27  2:48  Probe  
  27  2:49  Shield Battery  
  28  2:52  Probe  
  28  2:56  Warp Gate  
  29  3:00  Probe x2  
  29  3:05  Robotics Facility  
  31  3:13  Probe  
  32  3:23  Zealot  
  32  3:26  Assimilator  
  34  3:27  Probe  
  34  3:29  Pylon  
  35  3:39  Probe  
  35  3:41  Probe  
  37  3:44  Pylon  
  37  3:47  Probe  
  37  3:53  Probe  
  37  3:55  Probe  
  39  3:57  Observer  
  39  4:00  Pylon  
  41  4:03  Probe  
  41  4:05  Probe  
  41  4:08  Sentry  
  44  4:11  Probe  
  45  4:17  Forge  
  45  4:18  Probe  
  45  4:20  Probe, Forge  
  47  4:27  Observer  
  47  4:30  Probe  
  49  4:31  Probe  
  50  4:41  Gateway x2  
  50  4:44  Sentry  
  50  4:45  Sentry  
  54  4:49  Zealot  
  54  4:51  Probe  
  57  4:54  Assimilator  
  57  5:03  Probe  
  58  5:11  Zealot x3  
  58  5:14  Protoss Ground Weapons Level 1  
  64  5:18  Pylon  
  64  5:23  Robotics Bay, Protoss Ground Armor Level 1  
  63  5:39  Stalker x5  
  73  5:44  Warp Prism  
  75  5:56  Photon Cannon  
  75  5:58  Photon Cannon  
  75  6:19  Zealot  
  77  6:27  Pylon  
  77  6:28  Pylon  
  77  6:29  Pylon  
  77  6:49  Zealot x3, Pylon  
  83  7:05  Zealot x2  
  80  7:12  Zealot x3  
  66  7:26  Zealot x2  
  70  7:34  Zealot x3  
  56  7:41  Pylon  
  56  7:46  Zealot x2, Extended Thermal Lance  
  56  7:51  Colossus, Pylon  
  63  8:03  Gateway  
  63  8:04  Protoss Shields Level 1, Gateway  
  63  8:05  Gateway  
  63  8:07  Zealot  
  65  8:26  Zealot x4  
  71  8:35  Colossus  
  75  8:48  Twilight Council  
  75  9:07  Zealot x2  
  75  9:08  Nexus  
  69  9:12  Probe  
  70  9:18  Colossus  
  70  9:21  Probe  
  70  9:25  Charge  
  70  9:31  Probe  
  77  9:37  Zealot x2  
  77  9:38  Zealot x2  
  84  9:45  Dark Shrine  
  86  9:52  Zealot x2  
  89  10:04  Protoss Ground Weapons Level 2, Protoss Ground Armor Level 2  
  89  10:07  Colossus  
  95  10:19  Zealot  
  95  10:21  Sentry x3  
  99  10:26  Zealot x3  
  109  10:33  Probe  
  109  10:38  Probe  
  109  10:39  Probe  
  109  10:41  Probe  
  113  10:50  Probe  
  113  10:56  Templar Archives  
  114  10:58  Gateway, Dark Templar  
  114  11:01  Dark Templar  
  114  11:02  Probe  
  119  11:05  Dark Templar  
  121  11:20  Colossus  
  121  11:22  Zealot  
  123  11:53  Psionic Storm  
  119  11:57  Dark Templar  
  119  11:58  Dark Templar x4  
  129  12:06  Probe  
  129  12:14  Probe  
  129  12:24  Probe  
  130  12:35  Probe  
  131  12:43  Probe  
  130  12:51  Probe  
  130  12:52  Pylon  
  130  12:55  Pylon  
  130  12:57  Photon Cannon  
  131  12:59  Photon Cannon  
  131  13:03  Probe  
  131  13:05  Photon Cannon  
  132  13:07  Photon Cannon  
  132  13:10  Photon Cannon  
  132  13:12  Assimilator  
  132  13:15  Probe  
  132  13:17  Assimilator  
  133  13:20  Pylon, Blink  
  133  13:25  Stalker  
  133  13:26  Stalker x3  
  141  13:31  Stalker  
  137  13:44  Stalker x3  
  137  13:53  Stalker x3  
  139  14:29  Stalker x5  
  139  14:30  Stalker x3  
Show
View Real Time Build Order
Export as new Build Order

Sketchaphone Zerg 

Build Orders: Hatch First 

Get SALT Encoding   

  12  0:02  Drone  
  13  0:12  Overlord  
  13  0:20  Drone  
  14  0:23  Drone, Extractor  
  15  0:31  Drone  
  15  0:34  Drone  
  17  1:04  Drone, Extractor  
  17  1:15  Hatchery  
  16  1:22  Drone  
  16  1:25  Spawning Pool  
  16  1:26  Drone  
  17  1:38  Drone  
  18  1:53  Extractor  
  18  1:54  Drone  
  18  1:55  Drone  
  19  2:07  Overlord, Drone  
  21  2:18  Drone  
  21  2:19  Metabolic Boost  
  22  2:25  Queen  
  24  2:30  Overlord  
  24  2:33  Zergling x2  
  25  2:38  Drone  
  26  2:57  Drone  
  27  2:59  Queen  
  29  3:06  Queen  
  29  3:07  Drone x2  
  29  3:08  Overlord  
  33  3:19  Drone  
  34  3:20  Zergling x2  
  35  3:31  Drone  
  36  3:41  Queen  
  38  3:54  Drone  
  39  3:56  Hatchery  
  39  3:58  Zergling x2  
  39  4:00  Overlord  
  38  4:03  Zergling x2  
  39  4:10  Drone x5  
  39  4:11  Evolution Chamber  
  43  4:26  Overlord  
  43  4:31  Overlord, Drone  
  43  4:32  Drone  
  43  4:34  Overlord  
  43  4:35  Zergling x2  
  46  4:48  Drone x2  
  46  4:52  Zerg Melee Weapons Level 1  
  48  4:56  Zergling x2  
  48  4:57  Zergling x4  
  51  5:02  Spore Crawler  
  50  5:09  Spore Crawler, Zergling x4  
  50  5:17  Zergling x4  
  50  5:18  Zergling x4  
  50  5:20  Evolution Chamber  
  53  5:21  Baneling Nest  
  52  5:29  Queen  
  52  5:35  Drone x2  
  56  5:36  Overlord  
  56  5:37  Zergling x16  
  64  5:43  Drone  
  64  5:44  Extractor  
  64  5:49  Overlord, Zerg Ground Armor Level 1  
  64  5:51  Drone x4  
  68  6:04  Zergling x8  
  68  6:09  Spine Crawler  
  71  6:18  Zergling x12  
  76  6:39  Spine Crawler  
  75  6:51  Zergling x8  
  75  6:52  Zergling x6  
  75  6:54  Overlord x3  
  81  7:08  Zergling x18  
  79  7:14  Zergling x4  
  79  7:15  Baneling x3  
  55  7:31  Zergling x14  
  55  7:32  Zergling x2  
  55  7:36  Queen  
  62  7:52  Lair  
  62  7:56  Drone x6  
  66  8:04  Queen  
  66  8:31  Zergling x24  
  74  8:38  Queen, Zergling x2  
  74  8:40  Queen  
  74  8:42  Drone  
  74  8:43  Drone x3  
  75  8:51  Zerg Melee Weapons Level 2  
  75  8:53  Zergling x6  
  69  9:12  Hydralisk Den, Zerg Ground Armor Level 2  
  69  9:15  Roach Warren  
  67  9:19  Evolution Chamber, Drone x9  
  75  9:34  Spore Crawler  
  75  9:36  Spore Crawler  
  73  9:43  Overlord  
  69  9:52  Spire  
  69  9:54  Grooved Spines  
  69  9:55  Glial Reconstitution  
  67  10:02  Extractor  
  67  10:04  Extractor  
  65  10:20  Overlord x2  
  65  10:24  Zerg Missile Weapons Level 1  
  65  10:28  Drone  
  65  10:29  Drone x14  
  77  10:36  Hatchery  
  77  10:38  Overlord  
  76  10:46  Overlord, Extractor x2  
  76  10:48  Overlord x2  
  74  10:52  Overseer  
  74  11:24  Corruptor x4  
  82  11:28  Roach x2  
  82  11:30  Hatchery  
  65  11:48  Roach x5  
  75  12:03  Roach x2  
  77  12:28  Roach x8  
  93  12:37  Overseer  
  90  12:47  Overseer  
  87  12:53  Overseer, Spore Crawler  
  82  12:59  Roach x4  
  82  13:03  Roach  
  82  13:04  Roach x2  
  95  13:15  Roach x3  
  95  13:19  Roach  
  103  13:47  Corruptor  
  103  13:48  Hydralisk, Corruptor x2  
  105  13:49  Hydralisk  
  105  13:55  Drone x2  
  113  14:16  Roach x6  
  117  14:21  Roach  
  117  14:22  Roach  
  120  14:30  Corruptor  
Tags
 
Add a new tag
Caveats
  • Supply blocks, unpowered buildings, or Contaminate may cause inaccurate times.
  • Supply counts are checked every 10 seconds.